Map: Acid Plant LE

Players

HeRoMaRinE - Winner!

  • Race: Terran Terran
  • Spawn Location: 11:00

MperorMmm (MperorM)

  • Race: Terran Terran
  • Spawn Location: 5:00

Event: WCS Leipzig 2018

VOD

Have the link to the VOD?

Description

Time

  • Played on: Jan. 26, 2018, 6:32 a.m.
  • Length: 7:03

All games in this series

Show
View Real Time Build Order
Export as new Build Order

HeRoMaRinE Terran - Winner!

Build Orders: Cyclone Opening, Reaper Expand 

Get SALT Encoding   

  12  0:00  SCV  
  13  0:12  SCV  
  14  0:17  Supply Depot  
  14  0:24  SCV  
  15  0:39  SCV  
  15  0:41  Barracks  
  16  0:44  Refinery  
  16  0:51  SCV  
  17  1:03  SCV  
  18  1:15  SCV  
  19  1:28  Orbital Command, Reaper  
  20  1:40  Command Center  
  20  1:53  Supply Depot  
  21  1:54  SCV  
  21  2:00  Marine  
  22  2:06  SCV  
  23  2:09  Factory  
  23  2:18  SCV, Marine  
  25  2:24  Barracks  
  25  2:30  SCV, Refinery  
  25  2:36  Barracks Reactor  
  26  2:43  SCV  
  27  2:54  Orbital Command  
  27  2:56  SCV, Cyclone  
  31  3:08  SCV  
  31  3:11  Barracks Tech Lab  
  32  3:12  Marine  
  32  3:13  Marine  
  34  3:20  SCV x2  
  36  3:30  Stimpack  
  36  3:32  SCV x2  
  38  3:35  Marine x3  
  38  3:39  Supply Depot  
  41  3:44  SCV x2, Starport  
  43  3:50  Factory Reactor  
  42  3:56  SCV x2  
  42  3:57  Marine x2  
  42  4:00  Marine  
  42  4:02  Supply Depot  
  47  4:06  Supply Depot  
  47  4:08  SCV x2  
  49  4:14  Refinery, Marine x2  
  49  4:15  Refinery  
  51  4:18  Marine  
  51  4:20  SCV x2  
  54  4:30  Medivac x2  
  58  4:32  SCV x2  
  58  4:37  Marine x3  
  63  4:41  Supply Depot  
  63  4:43  Factory Tech Lab  
  63  4:44  SCV x2  
  65  4:52  Engineering Bay  
  65  4:53  Engineering Bay  
  65  4:56  SCV, Marine x3  
  65  4:57  SCV  
  70  5:03  Siege Tank  
  73  5:07  Supply Depot  
  73  5:09  SCV x2  
  75  5:14  Marine x3  
  78  5:21  SCV  
  78  5:23  SCV  
  75  5:32  Marine x3  
  75  5:40  Medivac x2, Siege Tank  
  80  5:45  Supply Depot  
  80  5:50  Marine  
  80  5:51  Marine x2  
  83  6:00  Command Center  
  83  6:07  Marine  
  83  6:09  Supply Depot, Marine x2  
  86  6:25  Marine  
  86  6:26  Barracks  
  86  6:27  Marine x2, Barracks  
  86  6:28  Barracks  
  86  6:30  SCV x2  
  95  6:43  Marine  
  95  6:44  Marine  
  95  6:45  Marine  
  100  6:58  Armory  
Show
View Real Time Build Order
Export as new Build Order

MperorMmm Terran 

Build Orders: MMM Bio 

Get SALT Encoding   

  12  0:01  SCV  
  13  0:13  SCV  
  14  0:17  Supply Depot  
  14  0:25  SCV  
  14  0:28  Refinery  
  15  0:38  SCV  
  16  0:44  Barracks  
  16  0:50  SCV  
  17  1:03  SCV  
  18  1:15  SCV  
  19  1:28  SCV  
  19  1:32  Barracks  
  20  1:39  Command Center  
  20  1:47  SCV  
  21  1:52  Supply Depot  
  21  1:59  SCV  
  22  2:15  Barracks  
  22  2:18  Orbital Command  
  22  2:21  Reaper  
  22  2:32  Barracks  
  22  2:44  SCV  
  22  2:51  Orbital Command  
  23  2:53  Barracks Tech Lab  
  23  2:57  SCV  
  24  3:01  Barracks Tech Lab  
  24  3:07  Engineering Bay  
  24  3:09  SCV  
  24  3:12  Marauder  
  27  3:15  Stimpack  
  27  3:18  SCV  
  28  3:22  Marauder  
  28  3:25  Combat Shields  
  30  3:28  Barracks Reactor  
  30  3:30  SCV  
  30  3:32  SCV  
  32  3:36  Marauder  
  32  3:40  Missile Turret  
  34  3:43  Marauder  
  34  3:45  SCV  
  34  3:46  SCV  
  38  3:57  SCV, Supply Depot, Marauder  
  38  4:00  SCV  
  42  4:03  Marine  
  42  4:04  Marine  
  42  4:05  Marauder  
  46  4:15  Supply Depot  
  46  4:18  SCV x2  
  46  4:20  Marauder  
  46  4:21  Marine  
  46  4:22  Marine  
  52  4:26  Marauder  
  54  4:36  SCV x2  
  56  4:40  Refinery  
  56  4:42  Command Center  
  56  4:45  Refinery  
  56  4:48  SCV, Marine  
  56  4:49  Marine x2  
  56  4:52  Factory  
  60  4:53  SCV  
  61  5:01  SCV  
  61  5:05  Supply Depot  
  62  5:22  SCV  
  62  5:23  Marine  
  62  5:25  Marine  
  62  5:26  SCV  
  62  5:27  Marauder, Marine  
  61  5:35  SCV, Factory Reactor  
  49  5:38  SCV, Starport  
  49  5:41  Barracks  
  49  5:42  Marine  
  50  5:43  Barracks, Marine  
  50  5:46  Concussive Shells  
  50  5:47  SCV  
  50  5:48  Marauder  
  55  5:50  SCV, Marauder  
  55  5:55  Supply Depot  
  58  5:59  SCV  
  58  6:00  Marine  
  58  6:01  Marine  
  58  6:02  SCV  
  62  6:10  Armory, Engineering Bay  
  62  6:11  SCV, Refinery  
  63  6:14  SCV  
  64  6:20  Factory Tech Lab  
  64  6:22  Medivac  
  64  6:23  SCV  
  64  6:25  Marine x2  
  69  6:29  SCV  
  70  6:41  Barracks Reactor x2  
  70  6:42  SCV  
  70  6:45  SCV  
Tags
 
Add a new tag
Caveats
  • Supply blocks, unpowered buildings, or Contaminate may cause inaccurate times.
  • Supply counts are checked every 10 seconds.